[Event "Late-Titled-Tuesday-Blitz-March-19-2024"]
[Site "Chess.com"]
[Date "2024.03.19"]
[Round "7"]
[White "KaydenTroffChess"]
[Black "Yeritsyaan"]
[Result "1-0"]
[WhiteElo "2857"]
[BlackElo "2680"]
[TimeControl "180+1"]
[EndTime "15:16:34 PDT"]
[Termination "KaydenTroffChess won by checkmate"]

1. d4 Nf6 2. Nf3 g6 3. Bg5 Bg7 4. Nc3 d5 5. Bxf6 Bxf6 6. e4 dxe4 7.
Nxe4 Bg7 8. c3 O-O 9. Bc4 Nd7 10. O-O e5 11. dxe5 Nxe5 12. Nxe5 Bxe5 13. Qxd8 Rxd8 14. f4 Bg7 15. Ng5 Rf8 16. f5 gxf5 17. Rae1 Bf6 18.
Ne4 Be7 19. Ng3 Bh4 20. Re3 Bxg3 21. Rxg3+ Kh8 22. Re3 Kg7 23. Re7 c6 24. Rc7 Kf6 25. g4 Be6 26. Bd3 Rg8 27. Bxf5 Rad8 28. Bxh7+ Ke5 29.
Bxg8 Rxg8 30. h3 Re8 31. Rxb7 a5 32. Ra7 Rd8 33. Rxa5+ Ke4 34. Ra4+ Ke3 35. Rd4 Rb8 36. Re1+ Kf3 37. b4 Ra8 38. Rd2 Kg3 39. Re3+ Kh4 40. Rdd3 Rxa2 41. Re5 Ra1+ 42. Kf2 Ra2+ 43. Ke1 Ra1+ 44.
Kd2 Ra2+ 45. Kc1 Ra1+ 46. Kb2 Ra2+ 47. Kb1 Rh2 48. Rh5# 1-0

[Event "Late-Titled-Tuesday-Blitz-March-19-2024"]
[Site "Chess.com"]
[Date "2024.03.19"]
[Round "7"]
[White "KNVB"]
[Black "profedechess93"]
[Result "1-0"]
[WhiteElo "2808"]
[BlackElo "2653"]
[TimeControl "180+1"]
[EndTime "15:16:34 PDT"]
[Termination "KNVB won by resignation"]

1. e4 e6 2. Nf3 d5 3. d3 Nf6 4. Nbd2 b6 5. g3 Bb7 6. Bg2 dxe4 7. Ng5 Nc6 8. Ngxe4 Qd7 9. Nxf6+ gxf6 10. Ne4 Be7 11. Bd2 O-O-O 12. Bc3 Nd4 13. O-O f5 14. Nd2 Bxg2 15.
Kxg2 Qc6+ 16. Kg1 Bf6 17. Bxd4 Rxd4 18. Rc1 h5 19. Qf3 Rd5 20. Nc4 Bg5 21. Ne3 Bxe3 22. fxe3 Kb7 23. Rfd1 h4 24. c4 Rd6 25. Qxc6+ Kxc6 26. Kg2 e5 27. Rd2 Rhd8 28. Rcd1 hxg3 29. hxg3 Rg6 30.
Kf3 Rdg8 31. Rg2 Rg4 32. b3 f4 33. exf4 exf4 34. Rdg1 f5 35. gxf4 Rd8 36. Rxg4 fxg4+ 37. Ke3 Rg8 38. f5 Kc5 39. d4+ Kb4 40. Kf4 Kc3 41. Rxg4 Re8 42. d5 Re1 43. Rg2 Rf1+ 44. Ke5 b5 45.
cxb5 Kb4 46. f6 Re1+ 47. Kf5 Kc5 48. Kg6 Kd6 49. f7 Ke7 50. Kg7 Rf1 51. Re2+ Kd7 52. f8=Q Rg1+ 53. Kh8 Rh1+ 54. Kg7 Rg1+ 55. Kh6 Rh1+ 56.
Kg5 Rg1+ 57. Kh4 1-0

[Event "Late-Titled-Tuesday-Blitz-March-19-2024"]
[Site "Chess.com"]
[Date "2024.03.19"]
[Round "7"]
[White "DavidGavrilescu18"]
[Black "amanmuhammethommadov"]
[Result "1-0"]
[WhiteElo "2769"]
[BlackElo "2645"]
[TimeControl "180+1"]
[EndTime "15:16:35 PDT"]
[Termination "DavidGavrilescu18 won by resignation"]

1. e4 c5 2. Nf3 Nc6 3. Bb5 e6 4. O-O Nge7 5. d4 cxd4 6. Nxd4 Ng6 7. Be2 Be7 8. Be3 O-O 9. c3 Nxd4 10. cxd4 b6 11.
Nc3 Bb7 12. f4 f5 13. d5 fxe4 14. dxe6 dxe6 15. Qb3 Bf6 16. Qxe6+ Kh8 17. Rad1 Qe8 18. Qb3 Nh4 19. Nd5 Qg6 20. g3 Nf3+ 21. Kg2 Rad8 22. Nxf6 Qxf6 23. Rxd8 Rxd8 24. Rd1 h6 25. Rxd8+ Qxd8 26. Qf7 Qc8 27. f5 Qc2 28. Qc4 Qxb2 29. g4 Bd5 30. Qa6 Bb7 31. Qb5 Qxa2 32. Kg3 Bd5 33. f6 gxf6 34. Bxh6 Bf7 35. Qc6 Qe6 36. Qa8+ Kh7 37.
Bf4 Qd7 38. Qxe4+ Bg6 39. Qxf3 b5 40. h4 b4 41. h5 Bc2 42. Bc4 a5 43. Qe2 b3 44. h6 a4 45. Be6 Qd4 46. Bf5+ Bxf5 47. Qe7+ 1-0

[Event "Late-Titled-Tuesday-Blitz-March-19-2024"]
[Site "Chess.com"]
[Date "2024.03.19"]
[Round "7"]
[White "rikchessmx"]
[Black "yuriydovzik"]
[Result "0-1"]
[WhiteElo "2287"]
[BlackElo "2121"]
[TimeControl "180+1"]
[EndTime "15:16:35 PDT"]
[Termination "yuriydovzik won by checkmate"]

1. e4 c6 2. d4 Na6 3. Nc3 Nc7 4. d5 g6 5. Qd4 Nf6 6. f4 Bg7 7. dxc6 bxc6 8. e5 Nfd5 9. Nxd5 cxd5 10. Nf3 O-O 11. Be3 Rb8 12. b3 d6 13. Qxa7 Bg4 14. exd6 Qxd6 15. O-O-O Bxf3 16. gxf3 d4 17. Bxd4 Ra8 18. Qc5 Qxf4+ 19. Kb1 Ne6 20. Be3 Qf6 21. Bd4 Nxd4 22. Rxd4 Qxd4 23. Qxd4 Bxd4 24. Bd3 Bc3 25. a4 Rfb8 26. Ka2 Rb4 27. Ka3 Rd4 28. Be4 Ra5 29. Bd3 e5 30. Rf1 Kg7 31. Rf2 f5 32. Re2 Kf6 33. Bb5 Ra7 34. Bc6 Rd1 35. b4 Rb1 36. b5 Rb4 37. b6 Rxb6 38. Bb5 Rxb5 39. f4 e4 40. Re3 Rc5 41. Kb3 Bd4 42. Re2 Rc3+ 43. Kb4 Rb7+ 44. Ka5 Ra3 45. Ka6 Rb6+ 46. Ka7 Rxa4# 0-1

[Event "Late-Titled-Tuesday-Blitz-March-19-2024"]
[Site "Chess.com"]
[Date "2024.03.19"]
[Round "7"]
[White "xasid81"]
[Black "FaustinoOro"]
[Result "0-1"]
[WhiteElo "2601"]
[BlackElo "2859"]
[TimeControl "180+1"]
[EndTime "15:16:36 PDT"]
[Termination "FaustinoOro won by resignation"]

1. e4 e5 2. Nf3 Nc6 3. Bb5 a6 4. Bxc6 dxc6 5. h3 Bd6 6. d3 f6 7. Nbd2 Ne7 8. Nc4 O-O 9. Nxd6 cxd6 10. d4 d5 11. dxe5 dxe4 12. Qxd8 Rxd8 13. exf6 gxf6 14.
Nd2 f5 15. Nc4 Nd5 16. Bg5 Rf8 17. O-O-O Be6 18. Na5 Rf7 19. Bd2 Re8 20. Rhe1 Rd7 21. b3 c5 22. a3 b5 23. c4 Nb6 24. Be3 bxc4 25. Bxc5 Rxd1+ 26. Rxd1 Nd7 27. b4 Rc8 28.
Bd4 Kf7 29. Kc2 f4 30. Kc3 Rg8 31. Re1 Bd5 32. Rg1 Ke6 33. g4 Nf8 34. a4 Ng6 35. b5 axb5 36. axb5 Ra8 37. Kb4 Nh4 38. Rd1 Nf3 39. Bb6 Ne5 40. Bc7 Nd3+ 41. Kc3 Nxf2 42. Rf1 e3 43. b6 Rxa5 44. b7 Ra3+ 45. Kc2 Bxb7 46. Bxf4 Be4+ 47. Kb2 Rb3+ 0-1

[Event "Late-Titled-Tuesday-Blitz-March-19-2024"]
[Site "Chess.com"]
[Date "2024.03.19"]
[Round "7"]
[White "DrCeltic"]
[Black "DeTimmerman"]
[Result "0-1"]
[WhiteElo "2584"]
[BlackElo "2762"]
[TimeControl "180+1"]
[EndTime "15:16:36 PDT"]
[Termination "DeTimmerman won on time"]

1. e4 e5 2. Nf3 Nc6 3. Bb5 f5 4. d3 fxe4 5. dxe4 Nf6 6. O-O d6 7. Bg5 Be7 8. Bc4 Na5 9. Qd3 Nxc4 10. Qxc4 Qd7 11. Nc3 Qc6 12. Qb3 Qb6 13. Qc4 Qc6 14. Qb3 Qb6 15. Qc4 c6 16. Rad1 Bg4 17. Bxf6 gxf6 18. Rd3 O-O-O 19. b4 f5 20. Qe6+ Rd7 21.
Nxe5 Rd8 22. Nxd7 Rxd7 23. Nd5 Qd8 24. Nxe7+ Qxe7 25. exf5 Qf8 26. Rxd6 Bxf5 27. Qf6 Qxd6 28. Qxf5 Kc7 29. c3 a6 30. h4 Qd2 31. Qe5+ Kb6 32.
Qc5+ Kc7 33. a4 Rd5 34. Qe7+ Kc8 35. Re1 Qxc3 36. Qf8+ Rd8 37. Qf5+ Kb8 38. Re7 Qxb4 39. Qxh7 Rd1+ 40. Kh2 Qf4+ 41. g3 Qxf2+ 42. Kh3 Qf1+ 43. Kg4 Rd4+ 44. Kg5 Rd5+ 45. Kg6 Qd3+ 46. Kg7 Qxg3+ 47. Kh8 Rd8+ 0-1

[Event "Late-Titled-Tuesday-Blitz-March-19-2024"]
[Site "Chess.com"]
[Date "2024.03.19"]
[Round "7"]
[White "only_strong_moves"]
[Black "TanitoluwaAps116"]
[Result "1-0"]
[WhiteElo "2671"]
[BlackElo "2809"]
[TimeControl "180+1"]
[EndTime "15:16:38 PDT"]
[Termination "only_strong_moves won by checkmate"]

1. Nc3 e5 2. e4 Nf6 3. Bc4 Bc5 4.
d3 h6 5. Nf3 Nc6 6. Nd5 d6 7. h3 Be6 8. Nxf6+ Qxf6 9. Bxe6 fxe6 10. c3 O-O 11. Be3 Bxe3 12. fxe3 Qg6 13. O-O d5 14.
exd5 exd5 15. Qb3 Qxd3 16. Rfe1 Rad8 17. Rad1 Qe4 18. Qxb7 Rd6 19. Nd2 Qc2 20. Qb3 Qd3 21. Nf3 Qe4 22. Nd2 Qh4 23. Rf1 Rfd8 24. e4 Na5 25.
Qb5 Nc6 26. exd5 Ne7 27. c4 Kh7 28. Qc5 Ng6 29. Qe3 c6 30. Ne4 R6d7 31. d6 Nf4 32. c5 Qh5 33. Ng3 Qg6 34. Qe4 Nh5 35.
Qxg6+ Kxg6 36. Nxh5 Kxh5 37. Rf5+ g5 38. Rxe5 Rb8 39.
b3 Rbd8 40. Rde1 Rf7 41. Re8 Rdd7 42. R1e7 Rdxe7 43. Rxe7 Rf5 44. b4 Rd5 45. Kf2 Rd2+ 46. Kf3 Rd4 47. Re6 Kh4 48. Rxh6# 1-0

[Event "Late-Titled-Tuesday-Blitz-March-19-2024"]
[Site "Chess.com"]
[Date "2024.03.19"]
[Round "7"]
[White "sergiochess83"]
[Black "Zhigalko_Sergei"]
[Result "0-1"]
[WhiteElo "2957"]
[BlackElo "2891"]
[TimeControl "180+1"]
[EndTime "15:16:40 PDT"]
[Termination "Zhigalko_Sergei won by resignation"]

1. e4 b5 2. Bxb5 Bb7 3. Nc3 f5 4. exf5 Bxg2 5. Qh5+ g6 6. fxg6 Bg7 7. gxh7+ Kf8 8. hxg8=Q+ Kxg8 9. Qg4 Bxh1 10. d4 e6 11. Bg5 Qe8 12. h4 Qh5 13. Qxh5 Rxh5 14. O-O-O Nc6 15. Nce2 Bh6 16. Ng3 Bxg5+ 17. hxg5 Rxg5 18.
Bf1 Rg7 19. c3 Rf8 20. Rd2 Rxg3 21. fxg3 Rxf1+ 22. Rd1 Rxd1+ 23. Kxd1 Kf7 24. Kd2 Kf6 25. b3 Kf5 26. Ke3 Kg4 27. Ne2 Bf3 28. Nf4 Kxg3 29. Nd3 d6 30. b4 Ne7 31. b5 Nd5+ 32. Kd2 Be4 33. Nb2 Kf4 34. a4 Bf5 35. a5 Be4 36. Nc4 e5 37. dxe5 dxe5 38. a6 Nb6 39. Ne3 Bd5 40.
Kd3 Be4+ 41. Ke2 Bd5 42. Kd3 Be6 43. c4 Bxc4+ 44. Nxc4 Nxc4 45. Kxc4 e4 46. Kd5 e3 47. Kc6 e2 48. Kxc7 e1=Q 49. Kb7 Qe3 0-1

[Event "Late-Titled-Tuesday-Blitz-March-19-2024"]
[Site "Chess.com"]
[Date "2024.03.19"]
[Round "7"]
[White "newyorkmouse"]
[Black "Sinquefield"]
[Result "1-0"]
[WhiteElo "2663"]
[BlackElo "2527"]
[TimeControl "180+1"]
[EndTime "15:16:40 PDT"]
[Termination "newyorkmouse won by checkmate"]

1. b3 Nf6 2. Bb2 d6 3. d4 Nbd7 4. Nf3 c6 5. g3 Qc7 6. Bg2 e5 7. O-O Be7 8. Nc3 e4 9. Ng5 d5 10. f3 h6 11. Nh3 exf3 12. exf3 O-O 13. Re1 Bd6 14. Qe2 Re8 15. Qf2 Rxe1+ 16. Rxe1 Nf8 17. Ne2 Ng6 18. c4 Bd7 19. c5 Bf8 20. Nef4 Nxf4 21. Nxf4 Re8 22. Bc1 Qa5 23. Rxe8 Bxe8 24.
a3 Qc3 25. Qe3 Qc2 26. b4 Bd7 27. Nd3 Bf5 28. Ne5 Qd1+ 29. Kf2 Qc2+ 30. Kg1 g5 31. Bf1 Qd1 32. Kf2 Nd7 33. Nxd7 Bxd7 34. Qd2 Qb3 35.
Bd3 Bg7 36. Bb2 Be6 37. Bc2 Qc4 38. Qd3 Qa2 39. Bc1 Bxd4+ 40. Qxd4 Qxc2+ 41. Bd2 Bf5 42. Ke3 Qd1 43. Qf6 Qg1+ 44. Ke2 Qxh2+ 45. Ke3 Qg1+ 46.
Ke2 Qg2+ 47. Ke3 Qg1+ 48. Ke2 Bg6 49. Bc3 Qg2+ 50. Ke3 Qg1+ 51. Ke2 Kf8 52. Qd8# 1-0

[Event "Late-Titled-Tuesday-Blitz-March-19-2024"]
[Site "Chess.com"]
[Date "2024.03.19"]
[Round "7"]
[White "finec2"]
[Black "JaackCamel"]
[Result "0-1"]
[WhiteElo "2234"]
[BlackElo "2198"]
[TimeControl "180+1"]
[EndTime "15:16:41 PDT"]
[Termination "JaackCamel won on time"]

1. e4 e6 2. d4 d5 3. e5 c5 4.
c3 Nc6 5. Nf3 Qb6 6. Bd3 cxd4 7.
cxd4 Bd7 8. O-O Nxd4 9. Nxd4 Qxd4 10. Qe2 a6 11. Kh1 Ne7 12. a3 Nc6 13. f4 Bc5 14.
Nc3 Ba7 15. Bd2 Na5 16. Rad1 Nc4 17. Bc1 Rc8 18. Bxh7 Qb6 19. Bb1 Nxa3 20. Ba2 Nb5 21. Qg4 g6 22. Ne2 d4 23. Ng3 Rc2 24. Ne4 Bc6 25.
Nf6+ Kf8 26. Rg1 d3 27. Bxe6 Qf2 28. Bd5 d2 29. Bxd2 Rxd2 30. Rdf1 Qe3 31. Bxc6 bxc6 32. Qc8+ Kg7 33. Qxc6 Rxg2 34. Qxg2 Qd3 35. Qf3 Qd2 36. Ng4 Bxg1 37. Rxg1 Nd4 38. Qg2 Qd3 39. Nf6 Nf3 40.
Rf1 Nxh2 41. Kg1 Ng4 42. Rf3 Qd1+ 43. Rf1 Qd4+ 0-1

[Event "Late-Titled-Tuesday-Blitz-March-19-2024"]
[Site "Chess.com"]
[Date "2024.03.19"]
[Round "7"]
[White "1g60-1"]
[Black "HajiyevKanan"]
[Result "0-1"]
[WhiteElo "2379"]
[BlackElo "2515"]
[TimeControl "180+1"]
[EndTime "15:16:44 PDT"]
[Termination "HajiyevKanan won by resignation"]

1. e4 c6 2. Nf3 d5 3. Nc3 a6 4. d4 Bg4 5. h3 Bh5 6. exd5 cxd5 7. g4 Bg6 8. Ne5 Nc6 9. h4 Nxe5 10.
dxe5 h5 11. e6 hxg4 12. Bd3 Bxd3 13. Qxd3 Nf6 14. Bg5 Qb6 15. exf7+ Kxf7 16. O-O-O e6 17. Rhe1 Bb4 18. Bxf6 gxf6 19. Nxd5 exd5 20. Qxd5+ Kg6 21. Re4 Rxh4 22. Rg1 Bd2+ 23. Qxd2 f5 24. Rd4 Kf7 25. Qf4 Qf6 26. Qc7+ Kg8 27. Rgd1 Rf8 28. Rd8 Rh7 29. Rxf8+ Qxf8 30. Qc4+ Qf7 31. Rd8+ Kg7 32. Qd4+ Kg6 33. Rd6+ Kh5 34. Qf4 Qe7 35. Qxf5+ Qg5+ 36. Qxg5+ Kxg5 37. Rd3 Rh2 38. Rd2 Kf4 39. c4 Kf3 40. b4 Rh1+ 41. Kc2 Rh7 42. Kb3 Re7 43. a4 Re2 44. Rxe2 Kxe2 45.
b5 Kxf2 46. bxa6 bxa6 47. c5 g3 48. c6 g2 49. c7 g1=Q 50. c8=Q Qb1+ 51. Kc3 Qc1+ 52.
Kb4 Qxc8 0-1

[Event "Late-Titled-Tuesday-Blitz-March-19-2024"]
[Site "Chess.com"]
[Date "2024.03.19"]
[Round "7"]
[White "Oligan22"]
[Black "sacrifoice"]
[Result "1/2-1/2"]
[WhiteElo "2398"]
[BlackElo "2258"]
[TimeControl "180+1"]
[EndTime "15:16:44 PDT"]
[Termination "Game drawn by repetition"]

1. e4 c5 2. Nf3 d6 3. d4 cxd4 4. Nxd4 Nf6 5. Nc3 g6 6. f4 Nc6 7. Nf3 Bg7 8. Bd3 O-O 9. O-O Bg4 10. Qe1 Rc8 11. Qh4 Bxf3 12. Rxf3 Nb4 13. Rh3 Nxd3 14. cxd3 h5 15. Be3 Ng4 16. Nd5 Re8 17. Bxa7 Bxb2 18.
Rb1 Rc2 19. Qg5 e6 20. Qxd8 Rxd8 21. Nb4 Rd2 22. Rf3 Ra8 23. Bb6 Bc3 24. h3 Bxb4 25.
hxg4 hxg4 26. Rg3 Bc3 27. Rb3 Bg7 28. Rxg4 Raxa2 29. f5 Be5 30. Rb1 exf5 31. exf5 Kg7 32. fxg6 fxg6 33. d4 Bf6 34. Bc7 Bxd4+ 35. Kh1 Be5 36.
Bb8 Rab2 37. Rf1 b5 38. Re4 b4 39. Rg4 b3 40. Ba7 Rbc2 41. Be3 Re2 42. Bg5 b2 43. Rh4 Rxg2 44. Bh6+ Kg8 45. Rf8+ Kh7 46. Bg5+ Kg7 47. Bh6+ Kh7 48. Bg5+ Kg7 49. Bh6+ Kh7 1/2-1/2

[Event "Late-Titled-Tuesday-Blitz-March-19-2024"]
[Site "Chess.com"]
[Date "2024.03.19"]
[Round "7"]
[White "kids2010"]
[Black "Harsha_Bharathakoti"]
[Result "0-1"]
[WhiteElo "2784"]
[BlackElo "2955"]
[TimeControl "180+1"]
[EndTime "15:16:46 PDT"]
[Termination "Harsha_Bharathakoti won by resignation"]

1. e4 c5 2. Nf3 d6 3. c3 Nf6 4. h3 g6 5. Bd3 Bg7 6. Bc2 O-O 7. O-O b6 8. d4 Bb7 9. Re1 e6 10. Nbd2 cxd4 11. cxd4 Nc6 12. a3 Rc8 13. e5 dxe5 14.
dxe5 Nd7 15. Nc4 Ne7 16. Bb3 Bxf3 17. Qxf3 b5 18. Nd6 Nxe5 19. Qd1 Rc6 20. Nxb5 Nd3 21. Re2 Nxc1 22. Rxc1 Qb6 23. Ba4 Rxc1 24. Qxc1 a6 25. Nc3 Rc8 26. Qg5 Bxc3 27. Qxe7 Bd4 28. Be8 Rc7 29.
Qh4 Kg7 30. Rd2 Rc1+ 31. Kh2 Bf6 32. Qf4 Qc7 33. Qxc7 Rxc7 34. Rd7 Rxd7 35. Bxd7 Bxb2 36. a4 Bd4 37. Bc8 Bxf2 38. Bxa6 Bb6 39. Bb5 f5 40. g3 Kf6 41. Kg2 e5 42. g4 e4 43. Kg3 h6 44.
Be8 Bc7+ 45. Kg2 f4 46. Bc6 Ke5 47. Be8 f3+ 48. Kf2 Kf4 49. Bxg6 e3+ 50. Ke1 Ba5+ 51. Kd1 e2+ 52. Kc2 e1=Q 0-1

[Event "Late-Titled-Tuesday-Blitz-March-19-2024"]
[Site "Chess.com"]
[Date "2024.03.19"]
[Round "7"]
[White "chess94cu"]
[Black "BardArtem"]
[Result "1-0"]
[WhiteElo "2659"]
[BlackElo "2738"]
[TimeControl "180+1"]
[EndTime "15:16:46 PDT"]
[Termination "chess94cu won by checkmate"]

1. d4 Nf6 2. c4 b6 3. Nc3 Bb7 4. Nf3 g6 5. d5 Bg7 6. e4 d6 7. Be2 O-O 8. O-O Nbd7 9. Qc2 e6 10. Bg5 exd5 11. exd5 Re8 12. Rfe1 Qc8 13. Bf1 h6 14. Bh4 a5 15. Nb5 Nc5 16. Rxe8+ Nxe8 17. Re1 g5 18.
Bg3 Qd7 19. Nfd4 Bc8 20. Nc6 Bb7 21. Re7 Bxc6 22. Rxd7 Bxd7 23. h4 f5 24. hxg5 hxg5 25. f3 Bxb5 26. cxb5 Bd4+ 27. Bf2 Bxf2+ 28. Kxf2 Ng7 29.
b3 Re8 30. a3 Re7 31. b4 axb4 32. axb4 Nb7 33. Qc6 Nd8 34. Qa8 Re8 35. Qc8 Nf7 36.
Qxc7 f4 37. Qxb6 Nf5 38. Qc6 Re3 39. Qc8+ Kg7 40. Qxf5 Rb3 41. Qe4 Ne5 42. b6 Rb2+ 43. Kg1 g4 44. b7 gxf3 45. gxf3 Nd7 46. Qd4+ Kg6 47. Qxb2 Kh5 48. Bb5 Kh4 49. Bxd7 Kg3 50. Qg2+ Kh4 51. Qg4# 1-0

[Event "Late-Titled-Tuesday-Blitz-March-19-2024"]
[Site "Chess.com"]
[Date "2024.03.19"]
[Round "7"]
[White "Charodej1"]
[Black "Pingah9"]
[Result "0-1"]
[WhiteElo "2384"]
[BlackElo "2581"]
[TimeControl "180+1"]
[EndTime "15:16:48 PDT"]
[Termination "Pingah9 won by resignation"]

1. d4 g6 2. c4 Bg7 3. Nc3 c5 4. e3 Nf6 5. Nf3 O-O 6. Be2 d5 7.
dxc5 Qa5 8. O-O dxc4 9. Qa4 Qxc5 10. Qxc4 Qa5 11. b4 Qh5 12. Nd4 Bg4 13. f3 Bd7 14.
Qb3 e5 15. Ndb5 Nc6 16. Bd2 a6 17. Nd6 Rab8 18. Rad1 Be6 19. Qb2 Rfd8 20. Nde4 Nd5 21. Nxd5 Bxd5 22. Nc5 e4 23. Bc3 Bxc3 24. Qxc3 exf3 25.
gxf3 Qg5+ 26. Kf2 Qh4+ 27. Kg2 Qxb4 28. Qxb4 Nxb4 29. a3 Nc2 30. Kf2 Nxa3 31. e4 Bc6 32. Ra1 Nc2 33. Rac1 Nd4 34. Bc4 Kg7 35. Ke3 Nb5 36. h4 h5 37. Rg1 Nd6 38. Bd3 Re8 39. Kd2 Rbd8 40. Kc3 Nb5+ 41. Kc2 Nd4+ 42. Kc3 Nxf3 43.
Rh1 Ne5 44. Bc2 Rc8 45. Kb4 Re7 46. Rhg1 Nd7 47. Nb3 b6 48. Bd3 a5+ 49. Ka3 Ne5 50.
Be2 Rec7 51. Nd4 Bxe4 0-1

[Event "Late-Titled-Tuesday-Blitz-March-19-2024"]
[Site "Chess.com"]
[Date "2024.03.19"]
[Round "7"]
[White "Godzillator"]
[Black "ExtremeLearner"]
[Result "0-1"]
[WhiteElo "2400"]
[BlackElo "2549"]
[TimeControl "180+1"]
[EndTime "15:16:48 PDT"]
[Termination "ExtremeLearner won by resignation"]

1. Nf3 g6 2. c3 Bg7 3. d4 Nf6 4. Bf4 d6 5. h3 O-O 6. Nbd2 Nbd7 7. Bh2 c5 8. e4 cxd4 9. cxd4 e5 10. d5 Nc5 11. Qc2 Bd7 12. b4 Na4 13. Nc4 Rc8 14.
Qd3 Bb5 15. Nfd2 Nb2 16. Qb3 Nxc4 17. Bxc4 Bxc4 18. Nxc4 Nxe4 19. O-O Rxc4 20. Qxc4 Nd2 21. Qb5 Nxf1 22. Rxf1 Qc7 23. f3 f5 24. Kh1 a6 25.
Qd3 Rc8 26. Bg1 Qc4 27. Qxc4 Rxc4 28. Rb1 b5 29. Ba7 Kf7 30. g4 Bh6 31. Bb8 Ke7 32. Ba7 Bd2 33. a3 Rc3 34. Kg2 Rxa3 35. Rb2 Bc3 36. Rc2 Kd7 37. gxf5 gxf5 38. Kg3 Be1+ 39. Kg2 Bxb4 40. Rc6 f4 41. Bb6 Ra2+ 42. Kf1 Rd2 43. Rc7+ Ke8 44. Rxh7 Rxd5 45. Ra7 Bc5 46.
Rxa6 Bxb6 47. Rxb6 Kf7 48. h4 Kg6 49. Kg2 Kh5 50. Kh3 Rd3 51. Kg2 Kxh4 52. Rxb5 Rd2+ 53. Kf1 Kg3 54. Ke1 Ra2 55. Rd5 Kxf3 56. Rxd6 e4 57. Rh6 e3 58. Rh3+ Ke4 59. Rh7 Rb2 60. Rh8 f3 61. Re8+ Kf4 62. Rf8+ Kg4 63. Rg8+ Kh5 64. Rh8+ Kg6 65. Rg8+ Kf7 66. Rb8 f2+ 67. Kf1 Rxb8 0-1

[Event "Late-Titled-Tuesday-Blitz-March-19-2024"]
[Site "Chess.com"]
[Date "2024.03.19"]
[Round "7"]
[White "AsterPhoenix"]
[Black "Evgeny81"]
[Result "1-0"]
[WhiteElo "2663"]
[BlackElo "2772"]
[TimeControl "180+1"]
[EndTime "15:16:49 PDT"]
[Termination "AsterPhoenix won by resignation"]

1. e4 c5 2. Nf3 d6 3. d4 cxd4 4. Nxd4 Nf6 5. Nc3 a6 6. Be2 e6 7. O-O Be7 8. Be3 Nc6 9. f4 Qc7 10. a4 O-O 11. Kh1 Na5 12. Qd3 Bd7 13. Nb3 Nxb3 14.
cxb3 Bc6 15. b4 d5 16. e5 Ne4 17. b5 axb5 18. axb5 Rxa1 19. Rxa1 Bd7 20. Nxe4 dxe4 21.
Qxe4 Rc8 22. h3 b6 23. Rc1 Qd8 24. Rxc8 Qxc8 25. Bxb6 Qc1+ 26. Kh2 g6 27. Bd4 Qe1 28. b6 Bh4 29. Qe3 Bc6 30. Ba6 Qb4 31. Qc3 Qa4 32. b7 Bxb7 33. Bxb7 Qd1 34. Bf3 Qf1 35. b4 h5 36. Qd2 Be1 37. Qe2 Qxe2 38. Bxe2 Bxb4 39. g4 hxg4 40. hxg4 Kg7 41. Kg3 Be1+ 42. Kf3 Bd2 43. Bc5 Bc1 44. Be7 Bb2 45. Bg5 Bc3 46. Ke4 Kf8 47. Kd3 Bb2 48. Kc4 Bc1 49. Kc5 Be3+ 50.
Kd6 Bc1 51. Kd7 Ba3 52. Bc4 Bb4 53. Bb3 Ba3 54. Ba2 Bb4 55. Bxe6 fxe6 56. Kxe6 Bd2 57. Kf6 1-0

[Event "Late-Titled-Tuesday-Blitz-March-19-2024"]
[Site "Chess.com"]
[Date "2024.03.19"]
[Round "7"]
[White "Irishchessman16"]
[Black "KorolDimitriy75"]
[Result "1-0"]
[WhiteElo "2530"]
[BlackElo "2390"]
[TimeControl "180+1"]
[EndTime "15:16:50 PDT"]
[Termination "Irishchessman16 won on time"]

1. c4 c5 2. Nf3 g6 3. d4 cxd4 4.
Nxd4 Bg7 5. g3 Nc6 6. Nc2 Nf6 7. Bg2 O-O 8. O-O d6 9. Nc3 Be6 10. b3 Qd7 11. Re1 Bh3 12. Bh1 Rfc8 13. Bb2 Rab8 14. Rc1 a6 15. Nd4 Nxd4 16. Qxd4 Ng4 17. Qd2 b5 18. cxb5 axb5 19. Nd5 Bxb2 20. Qxb2 Qa7 21. e3 Ne5 22. Nb4 Bg4 23. Rc3 Rxc3 24.
Qxc3 Rc8 25. Qd4 Qxd4 26. exd4 Nf3+ 27. Bxf3 Bxf3 28. h3 h5 29. Kh2 g5 30. g4 h4 31.
Re3 Ba8 32. d5 Kf8 33. f4 gxf4 34. Rd3 Rc1 35. Rd4 Re1 36. Rxf4 Re2+ 37. Kg1 Rd2 38.
Rf5 f6 39. Rh5 Kg7 40. Rxh4 Bxd5 41. Nxd5 Rxd5 42. Rh5 Rd2 43. a3 Rb2 44. Rxb5 Kf7 45.
a4 e5 46. a5 Ke6 47. a6 Ra2 48. Rb6 e4 49. b4 Ke5 50. b5 1-0

[Event "Late-Titled-Tuesday-Blitz-March-19-2024"]
[Site "Chess.com"]
[Date "2024.03.19"]
[Round "7"]
[White "AryanTari"]
[Black "MetiForce"]
[Result "1-0"]
[WhiteElo "3026"]
[BlackElo "2913"]
[TimeControl "180+1"]
[EndTime "15:16:51 PDT"]
[Termination "AryanTari won on time"]

1. e4 e5 2. Nf3 Nc6 3. d4 exd4 4. Nxd4 Nf6 5. Nxc6 bxc6 6. Nd2 d5 7. exd5 cxd5 8.
Bb5+ Bd7 9. Bxd7+ Qxd7 10. O-O Be7 11. Re1 O-O 12. b3 Rfe8 13. Bb2 Rad8 14. Qf3 Qg4 15. Qxg4 Nxg4 16. h3 Bf6 17. Bxf6 Nxf6 18. Kf1 c5 19. Rxe8+ Rxe8 20. Rd1 h6 21. Nf3 Kf8 22. Re1 Ne4 23.
a4 g6 24. Re3 f5 25. Ke1 Kf7 26. Nd2 Re6 27. Nb1 g5 28. f3 f4 29. Re2 Nd6 30. Nc3 d4 31. Nd5 Rxe2+ 32. Kxe2 Ke6 33. Nc7+ Ke5 34. a5 Nf5 35. Nb5 Ne3 36. Kd3 Nxg2 37. Nxa7 Ne1+ 38. Kc4 Nxf3 39. Kxc5 Nd2 40. a6 Ne4+ 41.
Kb6 f3 42. Nc6+ Kf4 43. a7 f2 44. a8=Q Ke3 45. Qf8 Ng3 46. Qe7+ Ne4 47. Qf7 Ng3 48. Qe6+ Ne4 49. Qf5 1-0

[Event "Late-Titled-Tuesday-Blitz-March-19-2024"]
[Site "Chess.com"]
[Date "2024.03.19"]
[Round "7"]
[White "DenLaz"]
[Black "Blitzstream"]
[Result "1-0"]
[WhiteElo "3100"]
[BlackElo "2839"]
[TimeControl "180+1"]
[EndTime "15:16:51 PDT"]
[Termination "DenLaz won on time"]

1. d4 d5 2. c4 e6 3. Nf3 Nf6 4. g3 Bb4+ 5. Bd2 Be7 6. Bg2 O-O 7. Qc2 dxc4 8. Qxc4 a6 9. Qc2 b5 10. O-O Bb7 11.
Rc1 Bd6 12. Bg5 Nbd7 13. Nbd2 c5 14. dxc5 Bxc5 15. e3 Rc8 16. Qd1 h6 17. Bxf6 Qxf6 18. Rab1 Rfd8 19. Qe2 Nb6 20. Ne1 Bxg2 21. Kxg2 Qf5 22.
Nef3 Qd5 23. Nb3 Be7 24. Rd1 Qc4 25. Qxc4 Nxc4 26. Rxd8+ Rxd8 27. Nbd4 Bf6 28. b3 Nb6 29.
Rc1 Nd5 30. Nc6 Ra8 31. e4 Ne7 32. Nxe7+ Bxe7 33. Nd4 Kf8 34. Kf3 Ke8 35. Ke2 Bf6 36. Nf3 Be7 37. Ne5 Bf6 38. Nd3 Be7 39. Rc6 a5 40.
Rb6 b4 41. Rc6 a4 42. Rc2 axb3 43. axb3 Ra3 44. Rb2 Bf6 45. e5 Be7 46. Ke3 Ra8 47. Ke4 Kd7 48. Rd2 Kc6 49. Rc2+ Kb5 50. Rc7 Bd8 51.
Rxf7 Ra3 52. Rb7+ Bb6 53. Nxb4 Rxb3 54. Nd3 Kc4 55. Nf4 Rb2 56. Rb8 Bc5 57. Rxb2 1-0

[Event "Late-Titled-Tuesday-Blitz-March-19-2024"]
[Site "Chess.com"]
[Date "2024.03.19"]
[Round "7"]
[White "RichardLeyvaP"]
[Black "RodokininEV"]
[Result "0-1"]
[WhiteElo "2546"]
[BlackElo "2682"]
[TimeControl "180+1"]
[EndTime "15:16:52 PDT"]
[Termination "RodokininEV won on time"]

1. e4 e5 2. Nf3 Nc6 3. Bb5 Nf6 4. d3 Ne7 5. c3 c6 6. Ba4 Ng6 7. h3 Be7 8. Nbd2 O-O 9. O-O d5 10. Re1 Bd6 11. Nf1 Re8 12. exd5 Nxd5 13. Ng3 Ndf4 14. d4 exd4 15. Rxe8+ Qxe8 16. Qxd4 Bc7 17. Bb3 Qe7 18.
Bxf4 Nxf4 19. Re1 Be6 20. Bxe6 Nxe6 21. Qg4 Qf6 22. Ne4 Qg6 23. Qxg6 hxg6 24. Rd1 Kf8 25. g3 Ke7 26. h4 b5 27. Kf1 a5 28. Neg5 Nxg5 29. Nxg5 a4 30. Re1+ Kf8 31. Rd1 a3 32.
b3 Rd8 33. Rxd8+ Bxd8 34. Ne4 Ke7 35. Ke2 Ke6 36. Kd3 Kd5 37. Nd2 Bb6 38. f3 f5 39. g4 fxg4 40. fxg4 Ke5 41. h5 g5 42.
Ne4 Kf4 43. Nd6 Kxg4 44. Ne8 Kxh5 45. Ke2 g6 46. Kf3 g4+ 47. Kg3 Kg5 48. Ng7 Bc7+ 49. Kg2 Be5 50. Ne6+ Kf5 51. Nd8 c5 52. c4 b4 53. Nb7 Bd4 54. Nd6+ Kf4 0-1